 Dungeon Crawl Stone Soup version 0.26-a0-664-gc8b27b8fc1 (webtiles) character file.

Game seed: 3674484468713425920

191 PentaManta the Slinger (level 5, -3/25 HPs)
             Began as a Spriggan Hunter on Oct 13, 2020.
             Slain by a scorpion (9 damage)
             ... on level 4 of the Dungeon.
             The game lasted 00:04:10 (2284 turns).

PentaManta the Slinger (Spriggan Hunter)            Turns: 2284, Time: 00:04:11

Health: -3/25      AC:  3    Str:  8    XL:     5   Next: 42%
Magic:  6/6        EV: 18    Int: 13    God:
Gold:   66         SH:  0    Dex: 17    Spells: 4/4 levels left

rFire    . . .     SeeInvis +   a - +1 hunting sling
rCold    . . .     Faith    .   (shield restricted)
rNeg     . . .     Spirit   .   c - +1 robe
rPois    .         Reflect  .   (helmet restricted)
rElec    .         Harm     .   (no cloak)
rCorr    .         Rampage  .   (gloves unavailable)
MR       .....     Rnd*Tele +   (boots unavailable)
Stlth    ++........             (no amulet)
HPRegen  0.08/turn              f - ring of teleportation (curse)
MPRegen  0.10/turn              g - ring of teleportation (curse)

@: very quick
A: very small, unfitting armour, see invisible, speed 3
a: no special abilities


You were on level 4 of the Dungeon.
You visited 1 branch of the dungeon, and saw 5 of its levels.

You collected 66 gold pieces.

Inventory:

Hand Weapons
 a - a +1 hunting sling (weapon)
 k - a +3 dagger
 l - a +0 whip of venom
Missiles
 e - 56 stones (quivered)
 n - 13 poisoned darts
Armour
 c - a +1 robe (worn)
Jewellery
 f - a cursed ring of teleportation (left hand)
 g - a cursed ring of teleportation (right hand)
 o - a cursed ring of attention {unknown}
 p - an uncursed ring of wizardry {unknown}
Scrolls
 j - a scroll of teleportation
Potions
 h - a potion of heal wounds {unknown}
 i - a potion of lignification


   Skills:
 - Level 1.5 Fighting
 + Level 8.1 Slings
 - Level 3.0 Dodging
 - Level 1.5 Stealth


You had 4 spell levels left.
You didn't know any spells.
Your spell library was empty.

Dungeon Overview and Level Annotations

Branches:
Dungeon (5/15)
 Temple: D:4-7

Altars:
Xom


Innate Abilities, Weirdness & Mutations

You are very small and have problems with some larger weapons.
You are too small for most types of armour.
You have supernaturally acute eyesight. (SInv)
You cover ground extremely quickly.


Message History

Firing (i - inventory. (/) - cycle)
d - a sling bullet (quivered)
Press: ? - help, Shift-Dir - straight line, f/p - orc priest
Aim: an orc priest, wearing a +0 leather armour (almost dead)
You shoot a sling bullet. The sling bullet hits the orc priest.
You kill the orc priest!
Your Slings skill increases to level 8!
Firing (i - inventory. (/) - cycle)
e - 58 stones (quivered)
Press: ? - help, Shift-Dir - straight line, f - scorpion
Aim: a scorpion (severely wounded)
You shoot a stone.
The stone hits the scorpion but does no damage.
The scorpion is severely wounded.
Firing (i - inventory. (/) - cycle)
e - 57 stones (quivered)
Press: ? - help, Shift-Dir - straight line, f/p - scorpion
Aim: a scorpion (severely wounded)
You shoot a stone.
The stone hits the scorpion but does no damage.
The scorpion is severely wounded.
The scorpion stings you!
You die...

#..(../#
#...(.(#
#......#
#.....(#
#..o.(.#
####o### #
#.# ...
#(#####..###
.
#(os@.......
#.#####..###
#.# ... #.#
# #.# ###


You could see a scorpion and an orc.

Vanquished Creatures
  A hound (D:4)
  An orc priest (D:4)
  An orc wizard (D:3)
  3 adders
  An ooze (D:3)
  3 worms (D:2)
  A dart slug (D:1)
  3 leopard geckos
  3 orcs
  A ball python (D:2)
  4 bats
  7 goblins (D:1)
  7 hobgoblins
  4 jackals (D:2)
  8 kobolds
  2 frilled lizards
  11 rats
61 creatures vanquished.

Notes
Turn   | Place    | Note
-------+----------+-------------------------------------------
     0 | D:1      | PentaManta the Spriggan Hunter began the quest for the Orb.
     0 | D:1      | Reached XP level 1. HP: 10/10 MP: 2/2
    39 | D:1      | Reached skill level 5 in Slings
   109 | D:1      | Reached XP level 2. HP: 14/14 MP: 3/3
   460 | D:1      | Reached skill level 6 in Slings
   508 | D:1      | Reached XP level 3. HP: 18/18 MP: 4/4
  1332 | D:2      | Found a shimmering altar of Xom.
  1557 | D:2      | Reached XP level 4. HP: 22/22 MP: 5/5
  1771 | D:2      | Reached skill level 7 in Slings
  2234 | D:3      | You fall into a shaft and drop 2 floors!
  2234 | D:5      | Entered Level 5 of the Dungeon
  2267 | D:4      | Reached XP level 5. HP: 10/25 MP: 6/6
  2282 | D:4      | Reached skill level 8 in Slings
  2284 | D:4      | Slain by a scorpion

Illustrated notes

Levels and vault maps discovered:
D:1:      wander_arrival_peaceful_grave, layout_basic
D:2:      layout_basic, lemuel_doored_altar, minivault_23,
          hangedman_decor_points, uniq_crazy_yiuf_cottage
D:3:      layout_basic, cheibriados_altar_1
D:4:      layout_basic, gup_sewer_entry_spiral,
          nicolae_dithmenos_through_a_glass_darkly
D:5:      layout_gridville, kennysheep_mini, serial_shops, shop,
          gammafunk_ghost_hive, nicolae_gozag_cash_rules_everything_around_me

Skill      XL: |  1  2  3  4  5 |
---------------+----------------+-----
Slings         | 5 6 7 8 |  8.1
Fighting       | |  1.5
Dodging        | |  3.0
Stealth        | |  1.5

Action                   |  1- 3 |  4- 6 || total
-------------------------+-------+-------++-------
 Fire: Hunting sling     |   154 |    83 ||   237
  Use: Scroll            |     4 |       ||     4
Armor: Robe              |       |     2 ||     2
Dodge: Dodged            |    37 |    31 ||    68

Table legend: (Time is in decaauts)
 A = Elapsed time spent in this place.
 B = Non-inter-level travel time spent in this place.
 C = Inter-level travel time spent in this place.
 D = Time resting spent in this place.
 E = Time spent auto-exploring this place.
 F = Levels seen in this place.
 G = Mean time per level.
                   A        B        C        D        E       F      G
               +--------+--------+--------+--------+--------+-----+--------+
         Total |   1632 |   1535 |     97 |    107 |   1088 |   5 |  326.4 |
       Dungeon |   1632 |   1535 |     97 |    107 |   1088 |   5 |  326.4 |
               +--------+--------+--------+--------+--------+-----+--------+

Top non-repeatable levels by time:
     D:2: 782 daAuts
     D:1: 605 daAuts
     D:3: 208 daAuts
     D:4: 30 daAuts
     D:5: 5 daAuts
